Map: Blackpink LE

Players

tassadar

  • Race: Terran Terran
  • League: Diamond
  • Spawn Location: 1:00

BootyJorts - Winner!

  • Race: Zerg Zerg
  • League: Diamond
  • Spawn Location: 7:00

VOD

Have the link to the VOD?

Description

Time

  • Played on: May 12, 2018, 1 a.m.
  • Length: 14:13
Show
View Real Time Build Order
Export as new Build Order

tassadar Terran 

Build Orders: Mech 

Get SALT Encoding   

  12  0:01  SCV  
  13  0:13  SCV  
  14  0:18  Supply Depot  
  14  0:25  SCV  
  15  0:39  SCV  
  15  0:40  Barracks  
  16  0:45  Refinery  
  16  0:51  SCV  
  17  0:57  Refinery  
  17  1:03  SCV  
  18  1:15  SCV  
  19  1:27  Reaper  
  19  1:28  SCV  
  19  1:29  Supply Depot  
  21  1:40  SCV  
  21  1:45  Factory  
  22  1:52  Orbital Command  
  22  2:00  Barracks Reactor  
  22  2:26  Command Center  
  22  2:49  SCV  
  23  3:00  Factory  
  23  3:01  SCV  
  23  3:02  Barracks Tech Lab  
  23  3:03  Hellion x2  
  28  3:06  Supply Depot  
  28  3:16  SCV  
  29  3:29  SCV  
  29  3:30  Engineering Bay  
  34  3:34  Widow Mine x2  
  34  3:41  Orbital Command  
  34  3:49  SCV  
  35  4:05  Missile Turret x2  
  35  4:10  Missile Turret  
  35  4:14  Widow Mine x2  
  39  4:27  SCV x2  
  41  4:39  SCV x2  
  38  4:51  Cyclone x2  
  44  4:53  Siege Tank  
  44  4:56  SCV x2  
  49  5:04  Supply Depot  
  49  5:05  Supply Depot  
  49  5:08  SCV x2  
  51  5:17  Missile Turret  
  51  5:20  SCV x2  
  53  5:35  SCV x2  
  55  5:37  Cyclone x2  
  55  5:39  Siege Tank  
  64  5:43  Armory  
  64  5:47  Barracks Tech Lab  
  64  5:48  Factory, SCV x2  
  66  5:52  Refinery  
  66  5:53  Refinery  
  66  6:00  SCV  
  66  6:01  SCV  
  68  6:09  Hellion  
  70  6:16  Hellion  
  70  6:17  Supply Depot x2  
  72  6:19  Supply Depot  
  72  6:20  SCV x2  
  72  6:21  Supply Depot  
  74  6:39  Thor  
  80  6:55  Thor  
  80  6:58  Hellion x2  
  80  6:59  SCV x2  
  92  7:11  SCV x2  
  94  7:21  Thor  
  100  7:25  Command Center  
  100  7:33  Hellion x2  
  100  7:34  SCV x2  
  106  7:43  Infernal Pre-Igniter  
  106  7:59  Supply Depot x3  
  106  8:02  Supply Depot  
  106  8:12  Hellion x2  
  110  8:20  Thor x2  
  122  8:38  Hellion x2  
  126  8:43  Factory  
  126  8:44  Factory  
  126  8:46  Supply Depot  
  126  8:47  Supply Depot  
  126  8:48  Supply Depot  
  96  9:17  Thor x2  
  96  9:18  Hellion x2  
  88  9:58  Hellion x2  
  92  10:02  Refinery  
  92  10:04  Missile Turret  
  92  10:06  Refinery  
  86  10:11  Thor x2  
  98  10:15  Factory Reactor  
  98  10:21  Hellion x2, Factory Tech Lab  
  83  10:43  Thor  
  83  10:44  Hellion x2  
  90  10:54  Hellion x2  
  88  11:02  Thor x2  
  88  11:15  Hellion x2  
  88  11:16  Hellion x2  
  80  11:26  Thor  
  80  11:37  Hellion  
Show
View Real Time Build Order
Export as new Build Order

BootyJorts Zerg - Winner!

Build Orders: Hatch First, Swarm Host 

Get SALT Encoding   

  12  0:01  Drone  
  13  0:12  Overlord  
  13  0:17  Drone  
  14  0:30  Drone x2  
  14  0:34  Drone  
  17  0:52  Hatchery  
  17  0:55  Drone  
  17  0:58  Extractor  
  17  1:00  Drone  
  17  1:14  Spawning Pool  
  17  1:18  Drone  
  17  1:22  Drone  
  18  1:28  Drone  
  19  1:42  Overlord  
  19  1:50  Drone  
  20  2:01  Lair  
  20  2:03  Zergling x2  
  20  2:04  Queen  
  20  2:06  Zergling x2  
  24  2:13  Drone, Extractor  
  25  2:15  Drone  
  25  2:21  Drone  
  26  2:37  Drone  
  26  2:52  Drone x4  
  26  2:56  Zergling x2  
  31  3:01  Spire  
  31  3:02  Drone, Extractor  
  31  3:03  Queen  
  31  3:04  Extractor  
  31  3:07  Drone  
  32  3:13  Drone  
  32  3:14  Drone  
  34  3:28  Drone x2  
  34  3:30  Overlord  
  34  3:31  Overlord  
  36  3:42  Infestation Pit  
  36  3:50  Drone  
  36  3:51  Drone x4  
  41  4:00  Drone  
  42  4:06  Drone  
  43  4:13  Mutalisk x2  
  43  4:14  Mutalisk x2  
  51  4:20  Spine Crawler  
  51  4:24  Overlord  
  48  4:48  Drone  
  48  4:49  Drone x8  
  57  4:57  Mutalisk  
  59  5:02  Overlord  
  59  5:19  Extractor x2  
  57  5:24  Hatchery  
  52  5:33  Drone x3  
  52  5:34  Drone x2  
  52  5:35  Roach Warren  
  56  5:38  Mutalisk x4  
  56  5:39  Evolution Chamber  
  56  5:40  Spine Crawler  
  60  6:01  Infestation Pit  
  60  6:02  Drone  
  60  6:03  Drone x6  
  66  6:15  Pneumatized Carapace  
  66  6:18  Glial Reconstitution, Zerg Missile Weapons Level 1  
  66  6:21  Overlord x2  
  66  6:22  Overlord x3  
  66  6:29  Drone  
  65  6:53  Drone x3  
  66  6:55  Drone x5  
  66  6:56  Queen  
  66  6:57  Swarm Host  
  66  7:01  Roach x2  
  92  7:05  Metabolic Boost  
  92  7:08  Overseer x2  
  92  7:12  Swarm Host  
  101  7:16  Drone  
  102  7:32  Evolution Chamber  
  102  7:36  Swarm Host  
  101  7:37  Hatchery, Swarm Host x2, Extractor  
  101  7:41  Extractor  
  110  7:58  Drone x3  
  113  7:59  Overlord  
  113  8:00  Overlord x4  
  113  8:06  Hive  
  113  8:08  Nydus Network  
  112  8:16  Overlord x4  
  112  8:19  Swarm Host  
  118  8:35  Swarm Host x2  
  130  8:42  Roach x5  
  133  9:06  Roach x11  
  145  9:14  Roach x3  
  140  9:20  Roach x2  
  138  9:29  Burrow  
  130  9:33  Roach  
  130  9:34  Roach x5  
  135  9:43  Roach x4  
  140  9:51  Greater Spire  
  140  9:53  Zerg Missile Weapons Level 2  
  140  9:57  Drone x4  
  144  10:00  Drone  
  148  10:24  Roach x11  
  178  10:45  Drone x2  
  164  11:12  Infestor  
  172  11:29  Roach x3  
  172  11:30  Roach  
  172  11:32  Drone  
  172  11:33  Drone x10  
  172  11:46  Hatchery  
  172  11:48  Extractor x2  
  172  12:02  Zerg Ground Armor Level 1  
  172  12:27  Pathogen Glands  
  172  12:39  Roach x6  
  172  12:41  Overlord  
  172  12:42  Overlord x5  
  172  13:04  Infestor x4  
Tags
 
Composition
MechSwarm Host
Matchup
TvZ
Spawn Locations
Cross Positions
Add a new tag
Caveats
  • Supply blocks, unpowered buildings, or Contaminate may cause inaccurate times.
  • Supply counts are checked every 10 seconds.